Map: Mothership LE

Players

SZsOs (sOs)

  • Race: Protoss Protoss
  • Spawn Location: 6:00

Jumy (ForJumy) - Winner!

  • Race: Protoss Protoss
  • League: Master
  • Spawn Location: 9:00

VOD

Have the link to the VOD?

Description

Time

  • Played on: Jan. 30, 2026, 11:18 a.m.
  • Length: 14:53
Show
View Real Time Build Order
Export as new Build Order

SZsOs Protoss 

Build Orders: 1 Gate Expand, Oracle Opening, Zealot Archon 

Get SALT Encoding   

  12  0:00  Probe  
  13  0:12  Probe  
  14  0:18  Pylon  
  14  0:24  Probe  
  15  0:36  Probe  
  15  0:37  Gateway  
  16  0:44  Probe, Assimilator  
  17  0:52  Probe  
  18  1:03  Probe  
  19  1:15  Probe  
  20  1:22  Nexus  
  20  1:32  Cybernetics Core  
  20  1:35  Probe  
  21  1:40  Assimilator  
  21  1:47  Probe  
  21  1:50  Pylon  
  22  1:59  Probe  
  23  2:04  Adept  
  23  2:08  Warp Gate  
  23  2:13  Probe  
  26  2:23  Stargate  
  26  2:24  Adept  
  26  2:25  Probe  
  27  2:36  Probe  
  30  2:37  Probe  
  31  2:48  Probe  
  31  2:49  Probe  
  31  2:51  Stalker  
  33  2:56  Oracle  
  35  3:00  Probe  
  36  3:08  Probe  
  36  3:12  Probe  
  41  3:14  Gateway  
  41  3:20  Probe  
  41  3:25  Oracle, Probe  
  46  3:39  Probe x2  
  46  3:41  Pylon  
  46  3:49  Gateway  
  46  3:51  Twilight Council  
  46  3:59  Probe  
  46  4:00  Probe, Adept  
  46  4:01  Blink  
  50  4:11  Shield Battery  
  50  4:12  Probe  
  50  4:14  Assimilator  
  51  4:21  Gateway  
  51  4:22  Probe  
  51  4:24  Probe  
  53  4:29  Pylon  
  53  4:43  Probe  
  54  4:47  Nexus, Probe  
  54  4:49  Pylon, Stalker x2  
  57  5:08  Stalker  
  57  5:09  Probe  
  57  5:10  Probe  
  61  5:14  Stalker x2  
  61  5:21  Forge, Shield Battery  
  65  5:24  Pylon  
  65  5:27  Stalker  
  67  5:29  Probe  
  67  5:30  Probe  
  69  5:37  Protoss Ground Weapons Level 1  
  69  5:39  Pylon  
  69  5:47  Stalker x3  
  75  5:50  Stalker  
  75  5:52  Charge  
  75  5:56  Probe  
  77  5:58  Probe x2  
  80  6:07  Probe  
  80  6:10  Gateway, Probe x2  
  83  6:11  Gateway  
  83  6:13  Gateway  
  83  6:18  Probe  
  83  6:22  Probe  
  83  6:23  Probe  
  86  6:28  Zealot x2  
  86  6:29  Zealot x2  
  86  6:31  Templar Archives  
  92  6:41  Probe x3  
  95  6:54  Pylon  
  95  6:57  Zealot x3  
  95  7:00  Pylon  
  60  7:01  Protoss Ground Weapons Level 2  
  101  7:03  Photon Cannon  
  101  7:09  Gateway  
  101  7:12  Probe, Pylon, Assimilator  
  102  7:15  Photon Cannon  
  102  7:18  High Templar  
  102  7:19  Pylon, High Templar, Zealot x4  
  102  7:20  Zealot  
  116  7:22  Archon  
  116  7:40  Nexus  
  116  7:46  Zealot x5  
  116  7:50  Robotics Facility  
  126  7:56  Gateway  
  126  7:58  Gateway  
  126  7:59  High Templar x2  
  126  8:02  Photon Cannon  
  130  8:05  Pylon  
  130  8:06  Archon, Pylon  
  130  8:09  Zealot  
  130  8:10  Probe  
  133  8:14  Pylon  
  133  8:23  Probe x2  
  133  8:24  Zealot  
  133  8:25  Zealot x4  
  145  8:38  Probe x2  
  145  8:39  Probe  
  145  8:40  High Templar x2  
  152  8:44  Zealot  
  152  8:45  Zealot  
  152  8:46  Archon  
  156  8:50  Probe  
  156  8:53  Warp Prism, Photon Cannon  
  157  8:57  Pylon, High Templar x2  
  157  8:58  Zealot x4  
  157  9:01  Archon  
  169  9:05  Pylon  
  171  9:11  Protoss Ground Weapons Level 3  
  169  9:25  Zealot x8  
  179  9:39  Immortal  
  159  9:53  Zealot x5  
  159  9:54  Zealot x5  
  159  9:56  Probe x2  
  159  9:57  Probe  
  136  10:10  Immortal  
  124  10:19  High Templar  
  124  10:20  High Templar, Zealot x6  
  124  10:21  Zealot x2  
  144  10:32  Archon, Probe  
  144  10:33  Nexus  
  144  10:34  Assimilator  
  145  10:37  Immortal  
  145  10:41  High Templar x2  
  145  10:42  Zealot x5  
  163  10:50  Archon  
  163  11:01  Zealot x3  
  167  11:19  Zealot x7  
  167  11:22  Zealot x3  
  167  11:25  Pylon  
  187  11:26  Pylon  
  187  11:30  Immortal  
  167  11:41  Zealot x7  
  153  11:52  High Templar x2, Zealot  
  159  11:55  Archon  
  143  12:03  High Templar x4  
  143  12:04  Zealot x3  
  143  12:07  Archon x2  
  153  12:08  Probe  
  153  12:10  Photon Cannon  
  153  12:11  Photon Cannon, Shield Battery  
  153  12:13  Zealot, Shield Battery  
  156  12:15  Shield Battery  
  156  12:25  High Templar x2, Zealot x3  
  156  12:29  Archon  
  165  12:32  Shield Battery  
  165  12:33  Shield Battery  
  165  12:34  Immortal  
  169  12:42  Zealot x5  
  174  12:44  Pylon  
  171  12:58  Nexus  
  171  13:02  High Templar x2, Zealot x3  
  171  13:03  Zealot x5  
  171  13:04  Immortal  
  189  13:06  Archon  
  189  13:09  Pylon  
  189  13:16  Photon Cannon  
  183  13:39  High Templar x2  
  183  13:40  Zealot x7  
  196  13:43  Archon  
  194  13:54  Zealot  
  184  14:05  Zealot  
  184  14:06  Zealot x6  
  162  14:11  Zealot x2  
  138  14:23  Zealot  
  124  14:27  Zealot x7  
  104  14:37  Zealot  
Show
View Real Time Build Order
Export as new Build Order

Jumy Protoss - Winner!

Build Orders: Nexus First, Zealot Archon 

Get SALT Encoding   

  12  0:00  Probe  
  13  0:12  Probe  
  14  0:18  Pylon  
  14  0:24  Probe  
  15  0:33  Probe  
  15  0:41  Probe  
  17  0:50  Probe  
  18  1:02  Nexus  
  18  1:12  Gateway  
  18  1:15  Probe  
  19  1:20  Assimilator  
  19  1:27  Probe  
  19  1:28  Assimilator  
  20  1:38  Gateway  
  20  1:41  Probe  
  21  1:54  Probe  
  22  1:58  Cybernetics Core  
  22  2:06  Probe, Pylon  
  23  2:10  Probe  
  24  2:18  Probe x2  
  26  2:26  Warp Gate  
  26  2:27  Sentry  
  26  2:28  Probe  
  26  2:30  Probe  
  26  2:31  Stalker  
  32  2:40  Probe  
  32  2:42  Probe  
  34  2:48  Shield Battery, Sentry  
  34  2:53  Probe  
  34  2:56  Probe  
  38  3:02  Shield Battery  
  38  3:03  Stalker  
  38  3:08  Probe  
  38  3:11  Probe  
  42  3:18  Shield Battery  
  42  3:20  Probe  
  42  3:23  Probe  
  42  3:24  Stalker  
  42  3:25  Pylon  
  44  3:32  Probe  
  44  3:35  Probe  
  44  3:44  Probe  
  44  3:47  Probe  
  46  3:49  Twilight Council  
  45  3:56  Probe  
  45  4:02  Pylon  
  46  4:05  Probe  
  46  4:14  Forge  
  46  4:15  Probe  
  46  4:17  Blink  
  46  4:20  Probe  
  46  4:22  Stalker  
  46  4:23  Probe, Stalker  
  52  4:31  Probe  
  52  4:32  Probe, Pylon  
  52  4:35  Pylon  
  54  4:40  Protoss Ground Weapons Level 1  
  54  4:49  Assimilator  
  54  4:50  Probe x2  
  54  4:51  Stalker x2  
  60  5:02  Probe  
  60  5:03  Probe  
  60  5:08  Nexus  
  60  5:10  Nexus  
  60  5:14  Probe  
  60  5:20  Gateway  
  61  5:27  Probe  
  61  5:28  Gateway  
  61  5:29  Probe  
  61  5:33  Pylon  
  62  5:41  Probe  
  63  5:48  Probe  
  64  5:54  Nexus  
  64  5:55  Pylon  
  64  5:57  Stalker  
  64  5:58  Probe  
  64  6:03  Shield Battery  
  64  6:04  Probe  
  68  6:10  Gateway  
  69  6:11  Probe  
  69  6:16  Probe, Photon Cannon  
  70  6:23  Probe x2  
  72  6:26  Stalker  
  72  6:29  Probe  
  72  6:31  Charge  
  75  6:35  Probe  
  75  6:36  Stalker  
  78  6:40  Stalker  
  78  6:43  Protoss Ground Weapons Level 2, Probe  
  78  6:44  Stalker  
  78  6:45  Probe  
  78  6:47  Probe  
  80  6:52  Probe  
  81  6:56  Probe  
  81  6:58  Robotics Facility  
  81  6:59  Probe  
  84  7:03  Probe  
  85  7:10  Probe  
  85  7:13  Probe  
  85  7:14  Templar Archives  
  87  7:19  Probe, Gateway  
  87  7:22  Gateway  
  88  7:26  Gateway  
  88  7:28  Gateway  
  88  7:31  Probe  
  88  7:34  Gateway  
  89  7:37  Probe  
  89  7:38  Gateway  
  89  7:39  Gateway  
  89  7:41  Probe  
  89  7:43  Probe  
  92  7:45  Probe  
  92  7:46  Observer  
  92  7:47  Probe  
  92  7:50  High Templar x2  
  99  7:53  Assimilator, Probe  
  99  7:55  Archon, Probe  
  99  7:58  Photon Cannon, Pylon, Probe  
  102  8:00  High Templar x2  
  102  8:04  Archon, Zealot  
  108  8:05  Pylon  
  108  8:10  Photon Cannon  
  108  8:15  Gateway, Probe, Zealot  
  108  8:16  Probe x2  
  113  8:20  Assimilator  
  113  8:21  Probe  
  113  8:22  Phoenix  
  113  8:23  Probe  
  114  8:28  Zealot x4  
  114  8:31  Probe  
  114  8:32  Pylon  
  114  8:33  Probe  
  124  8:35  High Templar x2  
  124  8:36  Zealot  
  124  8:40  Archon  
  131  8:43  Pylon  
  131  8:44  Pylon  
  131  8:45  Pylon  
  131  8:50  Zealot x4  
  139  9:00  Pylon  
  139  9:02  High Templar x2  
  143  9:05  Assimilator  
  143  9:06  Archon  
  143  9:07  Probe  
  143  9:09  Zealot x4  
  154  9:15  Pylon  
  154  9:21  Nexus  
  152  9:24  Zealot x3  
  152  9:25  Zealot x3  
  152  9:27  Zealot  
  152  9:29  Zealot  
  161  9:34  Protoss Ground Weapons Level 3  
  161  9:35  Zealot x3  
  151  9:38  High Templar  
  151  9:39  High Templar  
  151  9:42  Probe x3  
  151  9:43  Probe  
  151  9:45  Archon  
  157  9:49  Zealot  
  157  9:50  Zealot  
  147  9:53  Zealot x2  
  147  9:54  Probe  
  147  9:57  Zealot x2  
  130  10:00  Probe x2  
  130  10:01  Probe  
  130  10:06  Probe  
  124  10:13  Probe  
  115  10:15  High Templar x3  
  115  10:16  High Templar, Probe x2  
  115  10:18  Probe  
  125  10:22  Archon x2, Observer  
  125  10:26  Probe  
  125  10:27  Pylon, Sentry  
  125  10:28  Zealot x3, Probe  
  136  10:30  Warp Prism  
  136  10:35  Assimilator, Probe  
  137  10:39  High Templar  
  137  10:41  High Templar  
  137  10:42  Zealot x2  
  147  10:45  Probe  
  147  10:46  Archon, Probe  
  147  10:47  Probe x3  
  152  10:52  Zealot x3  
  158  11:00  Zealot x3  
  164  11:06  High Templar x2, Pylon  
  161  11:13  Stalker x2  
  161  11:15  Zealot x2, Pylon  
  161  11:16  Zealot  
  168  11:19  Probe x2  
  168  11:20  Probe x2  
  168  11:23  High Templar  
  168  11:24  High Templar  
  176  11:28  Archon  
  176  11:29  Photon Cannon  
  170  11:35  Zealot x5  
  170  11:36  Zealot  
  161  11:43  Zealot x3  
  161  11:45  Zealot  
  157  11:54  Zealot  
  157  11:56  Protoss Ground Armor Level 1, Zealot x4  
  157  12:00  High Templar x4  
  167  12:01  Probe  
  167  12:02  Probe x2  
  167  12:04  Archon  
  167  12:05  Archon  
  168  12:10  Photon Cannon, Probe  
  168  12:13  High Templar x2  
  173  12:16  Zealot x3  
  173  12:20  Archon  
  173  12:22  Zealot x3  
  185  12:37  Dark Shrine, Stalker x4  
  185  12:40  Probe  
  191  12:50  Robotics Bay  
  191  12:52  Zealot x4  
  191  12:54  Photon Cannon  
  199  13:00  Photon Cannon  
  199  13:02  Zealot  
  199  13:04  Observer  
  200  13:07  Robotics Facility  
  200  13:08  Photon Cannon  
  182  13:30  High Templar x4  
  182  13:32  Zealot x9  
  200  13:35  Archon  
  200  13:36  Archon  
  200  13:39  Photon Cannon  
  200  13:43  Shield Battery  
  194  14:03  Zealot  
  194  14:04  Zealot x3  
  181  14:10  Zealot x9  
  166  14:23  Probe  
  152  14:26  Zealot x5  
  152  14:27  Probe x2  
  148  14:34  Zealot x4  
  148  14:43  Zealot x4  
Tags
 
Add a new tag
Caveats
  • Supply blocks, unpowered buildings, or Contaminate may cause inaccurate times.
  • Supply counts are checked every 10 seconds.